MLB
MONTREAL EXPOS @ BOSTON RED SOX
09/20/2049
 
TOP OF THE 1ST
Montreal Expos batting - Pitching for Boston Red Sox : RHP Jeremy Hernandez
Pitching: RHP Jeremy Hernandez
Batting: LHB Bill McGregor 0-0: Called Strike
0-1: Foul Ball, location: 2F
0-2: Ground out 4-3 (Groundball, 4, EV 107.5 MPH)
Batting: RHB Steve French 0-0: Called Strike
0-1: Ball
1-1: Swinging Strike
1-2: Ball
2-2: Ball
3-2: Strikes out swinging
Batting: SHB Joey Pacheco 0-0: Foul Ball, location: 2F
0-1: Ball
1-1: Foul Ball, location: 2F
1-2: Ball
2-2: Ball
3-2: DOUBLE (Line Drive, 7LM, EV 99.4 MPH)
Batting: LHB Mark Marvin 0-0: Ball
1-0: Ball
2-0: Swinging Strike
2-1: Fly out, F7 (Flyball, 78S, EV 80.6 MPH)
Top of the 1st over - 0 runs, 1 hit, 0 errors, 1 left on base; Montreal 0 - Boston 0
BOTTOM OF THE 1ST
Boston Red Sox batting - Pitching for Montreal Expos : RHP Julian Black
Pitching: RHP Julian Black
Batting: RHB Alois Wollf 0-0: Ball
1-0: Ball
2-0: Called Strike
2-1: Called Strike
2-2: Foul Ball, location: 2F
2-2: Strikes out looking
Batting: LHB Kevin McCormic Jr. 0-0: Ball
1-0: Called Strike
1-1: Ground out 6-3 (Groundball, 6, EV 92.5 MPH)
Batting: RHB David Price Jr. 0-0: Ball
1-0: Called Strike
1-1: Ball
2-1: Ball
3-1: Foul Ball, location: 2F
3-2: Fly out, F9 (Flyball, 9LM, EV 88.1 MPH)
Bottom of the 1st over - 0 runs, 0 hits, 0 errors, 0 left on base; Montreal 0 - Boston 0
TOP OF THE 2ND
Montreal Expos batting - Pitching for Boston Red Sox : RHP Jeremy Hernandez
Batting: LHB Steve Anderson 0-0: Ball
1-0: Ground out 6-3 (Groundball, 6, EV 81.9 MPH)
Batting: LHB Austin Ohmer 0-0: Foul Ball, location: 2F
0-1: Ball
1-1: Ball
2-1: SINGLE (Groundball, 4MD, EV 103.1 MPH)
Batting: SHB Lou Kroneman 0-0: Foul Ball, location: 2F
0-1: Ball
1-1: Foul Ball, location: 2F
1-2: Ball
2-2: Strikes out swinging
Batting: RHB John Ham 0-0: Ball
1-0: Foul Ball, location: 2F
1-1: Ball
2-1: Foul Ball, location: 2F
2-2: Strikes out looking
Top of the 2nd over - 0 runs, 1 hit, 0 errors, 1 left on base; Montreal 0 - Boston 0
BOTTOM OF THE 2ND
Boston Red Sox batting - Pitching for Montreal Expos : RHP Julian Black
Batting: LHB Jarrett Mordecai 0-0: Ball
1-0: Ground out 4-3 (Groundball, 4, EV 82.5 MPH)
Batting: LHB Sakae Kasahara 0-0: Called Strike
0-1: Called Strike
0-2: Strikes out swinging
Batting: RHB Nick Esteves 0-0: Ball
1-0: Ball
2-0: Called Strike
2-1: Ground out 5-3 (Groundball, 56, EV 99.4 MPH)
Bottom of the 2nd over - 0 runs, 0 hits, 0 errors, 0 left on base; Montreal 0 - Boston 0
TOP OF THE 3RD
Montreal Expos batting - Pitching for Boston Red Sox : RHP Jeremy Hernandez
Batting: RHB Tommy Mize 0-0: Called Strike
0-1: Ball
1-1: Ball
2-1: Swinging Strike
2-2: Ball
3-2: Foul Ball, location: 2F
3-2: Strikes out looking
Batting: LHB Bill McGregor 0-0: Fly out, F4 (Line Drive, 3D, EV 72.5 MPH)
Batting: RHB Steve French 0-0: Called Strike
0-1: Foul Ball, location: 2F
0-2: Ball
1-2: Strikes out swinging
Top of the 3rd over - 0 runs, 0 hits, 0 errors, 0 left on base; Montreal 0 - Boston 0
BOTTOM OF THE 3RD
Boston Red Sox batting - Pitching for Montreal Expos : RHP Julian Black
Batting: RHB Jose Diaz 0-0: Ball
1-0: SINGLE (Groundball, 34D, EV 86.2 MPH) (infield hit)
Batting: SHB Greg Shaw 0-0: Ball
1-0: Ball
2-0: Foul Ball, location: 2F
2-1: Ball
3-1: Sac Bunt to 25 - play at first, batter OUT! 5-3
Jose Diaz to second
Batting: RHB Ray Llewellyn 0-0: Ball
1-0: Swinging Strike
1-1: Ball
2-1: Foul Ball, location: 2F
2-2: Strikes out looking
Batting: RHB Alois Wollf 0-0: Ball
1-0: Fly out, F4 (Flyball, 4D, EV 87.5 MPH)
Bottom of the 3rd over - 0 runs, 1 hit, 0 errors, 1 left on base; Montreal 0 - Boston 0
TOP OF THE 4TH
Montreal Expos batting - Pitching for Boston Red Sox : RHP Jeremy Hernandez
Batting: SHB Joey Pacheco 0-0: Swinging Strike
0-1: Swinging Strike
0-2: Ball
1-2: Foul Ball, location: 2F
1-2: Foul Ball, location: 2F
1-2: SINGLE (Line Drive, 8RS, EV 95.0 MPH)
Batting: LHB Mark Marvin 0-0: Ball
1-0: Ball
2-0: Called Strike
2-1: Swinging Strike
2-2: Fly out, F8 (Line Drive, 8LD, EV 105.0 MPH)
Batting: LHB Steve Anderson 0-0: Ball
1-0: Ball
Joey Pacheco is caught stealing 2nd base 2-6
2-0: Called Strike
2-1: Foul Ball, location: 2F
2-2: Ball
3-2: Strikes out swinging
Top of the 4th over - 0 runs, 1 hit, 0 errors, 0 left on base; Montreal 0 - Boston 0
BOTTOM OF THE 4TH
Boston Red Sox batting - Pitching for Montreal Expos : RHP Julian Black
Batting: LHB Kevin McCormic Jr. 0-0: Called Strike
0-1: SOLO HOME RUN (Flyball, 9D, EV 101.2 MPH), Distance : 435 ft
Batting: RHB David Price Jr. 0-0: Ball
1-0: Ball
2-0: Ball
3-0: Base on Balls
Batting: LHB Jarrett Mordecai 0-0: Ball
1-0: Ball
David Price Jr. steals 2nd, throwing error, E2
David Price Jr. to third
2-0: Foul Ball, location: 2F
2-1: Ball
3-1: Base on Balls
Batting: LHB Sakae Kasahara 0-0: Ball
1-0: Ball
2-0: 3-RUN HOME RUN (Flyball, 8RXD, EV 108.1 MPH), Distance : 404 ft
Batting: RHB Nick Esteves 0-0: Called Strike
0-1: Ball
1-1: Called Strike
1-2: Ball
2-2: Ball
3-2: Strikes out swinging
Batting: RHB Jose Diaz 0-0: Fly out, F8 (Flyball, 8LS, EV 80.6 MPH)
Batting: SHB Greg Shaw 0-0: Ball
1-0: Called Strike
1-1: Called Strike
1-2: Strikes out looking
Bottom of the 4th over - 4 runs, 2 hits, 1 error, 0 left on base; Montreal 0 - Boston 4
TOP OF THE 5TH
Montreal Expos batting - Pitching for Boston Red Sox : RHP Jeremy Hernandez
Batting: LHB Austin Ohmer 0-0: Called Strike
0-1: Ball
1-1: SINGLE (Groundball, 34S, EV 68.1 MPH) (infield hit)
Batting: SHB Lou Kroneman 0-0: Swinging Strike
0-1: Ball
1-1: Grounds into double play, 6-4-3 (Groundball, 56, EV 86.2 MPH)
Batting: RHB John Ham 0-0: Ball
1-0: Ground out 6-3 (Groundball, 6, EV 77.5 MPH)
Top of the 5th over - 0 runs, 1 hit, 0 errors, 0 left on base; Montreal 0 - Boston 4
BOTTOM OF THE 5TH
Boston Red Sox batting - Pitching for Montreal Expos : RHP Julian Black
Batting: RHB Ray Llewellyn 0-0: Ball
1-0: Foul Ball, location: 2F
1-1: Foul Ball, location: 2F
1-2: Ball
2-2: Ground out 5-3 (Groundball, 56S, EV 79.4 MPH)
Batting: RHB Alois Wollf 0-0: Ball
1-0: Swinging Strike
1-1: Ball
2-1: Foul Ball, location: 2F
2-2: Foul Ball, location: 2F
2-2: Ball
3-2: Strikes out swinging
Batting: LHB Kevin McCormic Jr. 0-0: Ball
1-0: Called Strike
1-1: Ground out 5-3 (Groundball, 56, EV 96.2 MPH)
Bottom of the 5th over - 0 runs, 0 hits, 0 errors, 0 left on base; Montreal 0 - Boston 4
TOP OF THE 6TH
Montreal Expos batting - Pitching for Boston Red Sox : RHP Jeremy Hernandez
Batting: RHB Tommy Mize 0-0: Called Strike
0-1: Ball
1-1: SINGLE (Groundball, 4MD, EV 107.5 MPH)
Batting: LHB Bill McGregor 0-0: Ball
1-0: Ball
2-0: Ball
3-0: Base on Balls
Tommy Mize to second
Batting: RHB Steve French 0-0: SINGLE (Groundball, 5S, EV 69.4 MPH) (infield hit)
Tommy Mize to third
Bill McGregor to second
Batting: SHB Joey Pacheco 0-0: Ball
1-0: Hit by Pitch
Tommy Mize scores
Bill McGregor to third
Steve French to second
Batting: LHB Mark Marvin 0-0: SINGLE (Groundball, 34D, EV 102.5 MPH)
Bill McGregor scores
Steve French to third
Joey Pacheco to second
Runner from 3rd tries for Home, SAFE, throw by RF to home
Batting: LHB Steve Anderson 0-0: SINGLE (Groundball, 6D, EV 95.6 MPH)
Joey Pacheco to third
Mark Marvin to second
Runner from 3rd tries for Home, throw by LF and OUT! 7-2
Mark Marvin to third
Steve Anderson to second
Batting: LHB Austin Ohmer 0-0: Foul Ball, location: 2F
0-1: Ball
1-1: SINGLE (Line Drive, 6M, EV 105.6 MPH)
Mark Marvin scores
Steve Anderson to third
Batting: SHB Lou Kroneman 0-0: Ball
1-0: Ball
2-0: Foul Ball, location: 2F
2-1: Ball
3-1: Called Strike
3-2: SINGLE (Groundball, 56D, EV 98.1 MPH)
Steve Anderson scores
Austin Ohmer to second
Pitching: RHP Jon Mercado
Batting: RHB John Ham 0-0: Fly out, F3 (Line Drive, 3, EV 74.4 MPH)
Batting: RHB Tommy Mize 0-0: Called Strike
0-1: Ball
1-1: Called Strike
1-2: Ball
2-2: Strikes out swinging
Top of the 6th over - 5 runs, 6 hits, 0 errors, 2 left on base; Montreal 5 - Boston 4
BOTTOM OF THE 6TH
Boston Red Sox batting - Pitching for Montreal Expos : RHP Julian Black
Batting: RHB David Price Jr. 0-0: SINGLE (Line Drive, 6D, EV 99.4 MPH)
Batting: LHB Jarrett Mordecai 0-0: Called Strike
0-1: Ball
1-1: Ball
2-1: Foul Ball, location: 2F
2-2: Ball
3-2: Base on Balls
David Price Jr. to second
Batting: LHB Sakae Kasahara 0-0: Fly out, F8 (Flyball, 78M, EV 87.5 MPH)
Batting: RHB Nick Esteves 0-0: Called Strike
0-1: Foul Ball, location: 2F
0-2: Fielders Choice at 2nd, 3-6 (Groundball, 3, EV 88.1 MPH)
David Price Jr. to third
Batting: RHB Jose Diaz 0-0: Called Strike
0-1: Ball
1-1: Ball
2-1: DOUBLE (Line Drive, 9LM, EV 85.6 MPH)
David Price Jr. scores
Nick Esteves to third
Runner from 3rd tries for Home, SAFE, throw by RF to trailing runner, OUT at third! 9-3-5
Bottom of the 6th over - 2 runs, 2 hits, 0 errors, 0 left on base; Montreal 5 - Boston 6
TOP OF THE 7TH
Montreal Expos batting - Pitching for Boston Red Sox : RHP Jon Mercado
Batting: LHB Bill McGregor 0-0: Fly out, F7 (Flyball, 78M, EV 88.1 MPH)
Batting: RHB Steve French 0-0: Fly out, F8 (Flyball, 89XD, EV 108.8 MPH)
Batting: SHB Joey Pacheco 0-0: Ball
1-0: Ball
2-0: Called Strike
2-1: Foul Ball, location: 2F
2-2: Foul Ball, location: 2F
2-2: Ball
3-2: SINGLE (Line Drive, 7S, EV 103.1 MPH)
Batting: LHB Mark Marvin 0-0: Called Strike
Joey Pacheco steals 2nd base
0-1: Ball
1-1: Swinging Strike
1-2: Ball
2-2: DOUBLE (Flyball, 89D, EV 111.2 MPH)
Joey Pacheco scores
Batting: LHB Steve Anderson 0-0: Foul Ball, location: 2F
0-1: Ball
1-1: Foul Ball, location: 2F
1-2: Foul Ball, location: 2F
1-2: Foul Ball, location: 2F
1-2: Strikes out looking
Top of the 7th over - 1 run, 2 hits, 0 errors, 1 left on base; Montreal 6 - Boston 6
BOTTOM OF THE 7TH
Boston Red Sox batting - Pitching for Montreal Expos : RHP Julian Black
Pitching: RHP Zack Rust
Batting: SHB Greg Shaw 0-0: Called Strike
0-1: Ball
1-1: Ball
2-1: Foul Ball, location: 2F
2-2: Strikes out swinging
Batting: RHB Ray Llewellyn 0-0: Ball
1-0: Swinging Strike
1-1: Ball
2-1: Ball
3-1: Base on Balls
Batting: RHB Alois Wollf 0-0: Grounds into double play, 4-6-3 (Groundball, 34, EV 85.0 MPH)
Bottom of the 7th over - 0 runs, 0 hits, 0 errors, 0 left on base; Montreal 6 - Boston 6
TOP OF THE 8TH
Montreal Expos batting - Pitching for Boston Red Sox : RHP Jon Mercado
Pitching: RHP Jaime Dunning
Batting: LHB Austin Ohmer 0-0: Ground out 4-3 (Groundball, 4, EV 85.6 MPH)
Batting: SHB Lou Kroneman 0-0: Ball
1-0: SINGLE (Line Drive, 6MD, EV 108.8 MPH)
Batting: RHB John Ham 0-0: Called Strike
0-1: Swinging Strike
0-2: Ball
1-2: Strikes out looking
Batting: RHB Tommy Mize 0-0: Ball
1-0: Ball
2-0: Called Strike
2-1: Ball
3-1: Base on Balls
Lou Kroneman to second
Pinch Runner at 2nd Jonathan Fraire:
Batting: LHB Bill McGregor 0-0: Ball
1-0: Swinging Strike
1-1: Ball
2-1: Ball
3-1: Base on Balls
Jonathan Fraire to third
Tommy Mize to second
Batting: RHB Steve French 0-0: Ball
1-0: Ball
2-0: Called Strike
2-1: Foul Ball, location: 2F
2-2: Foul Ball, location: 2F
2-2: Strikes out swinging
Top of the 8th over - 0 runs, 1 hit, 0 errors, 3 left on base; Montreal 6 - Boston 6
BOTTOM OF THE 8TH
Boston Red Sox batting - Pitching for Montreal Expos : RHP Zack Rust
Now at 1B: Jonathan Fraire
Now at 2B: Mark Marvin
Batting: LHB Kevin McCormic Jr. 0-0: Called Strike
0-1: Ball
1-1: Foul Ball, location: 2F
1-2: Foul Ball, location: 2F
1-2: Ball
2-2: Strikes out swinging
Batting: RHB David Price Jr. 0-0: Ball
1-0: Ground out 6-3 (Groundball, 6, EV 103.8 MPH)
Batting: LHB Jarrett Mordecai 0-0: Ball
1-0: DOUBLE (Groundball, 3L, EV 105.6 MPH)
Pitching: LHP Kyle Schlosschlonghair
Batting: RHB Andrew Robinson 0-0: Called Strike
0-1: Ground out 5-3 (Groundball, 5L, EV 82.5 MPH)
Bottom of the 8th over - 0 runs, 1 hit, 0 errors, 1 left on base; Montreal 6 - Boston 6
TOP OF THE 9TH
Montreal Expos batting - Pitching for Boston Red Sox : RHP Jaime Dunning
Pitching: RHP Guadalupe Vasguez
Batting: SHB Joey Pacheco 0-0: Called Strike
0-1: Ball
1-1: Foul Ball, location: 2F
1-2: Strikes out looking
Batting: LHB Mark Marvin 0-0: Ball
1-0: Ball
2-0: Ground out U3 (Groundball, 3, EV 76.2 MPH)
Batting: LHB Steve Anderson 0-0: Swinging Strike
0-1: Ball
1-1: Swinging Strike
1-2: Foul Ball, location: 2F
1-2: Foul Ball, location: 2F
1-2: Ball
2-2: Ball
3-2: Foul Ball, location: 2F
3-2: Strikes out swinging
Top of the 9th over - 0 runs, 0 hits, 0 errors, 0 left on base; Montreal 6 - Boston 6
BOTTOM OF THE 9TH
Boston Red Sox batting - Pitching for Montreal Expos : LHP Kyle Schlosschlonghair
Batting: RHB Nick Esteves 0-0: Foul Ball, location: 2F
0-1: Ball
1-1: Foul Ball, location: 2F
1-2: Ball
2-2: Ball
3-2: Base on Balls
Batting: RHB Jose Diaz 0-0: Fly out, F6 (Line Drive, 6D, EV 75.6 MPH)
Pinch Hitting: RHB Elijah Campbell 0-0: Swinging Strike
0-1: Ball
1-1: Ball
2-1: Swinging Strike
2-2: Ball
3-2: Strikes out swinging
Batting: RHB Ray Llewellyn 0-0: Called Strike
0-1: Ball
1-1: Ground out 4-3 (Groundball, 34, EV 105.0 MPH)
Bottom of the 9th over - 0 runs, 0 hits, 0 errors, 1 left on base; Montreal 6 - Boston 6
TOP OF THE 10TH
Montreal Expos batting - Pitching for Boston Red Sox : RHP Guadalupe Vasguez
Now at C: Ray Llewellyn
Now at 2B: Elijah Campbell
Batting: LHB Austin Ohmer 0-0: Swinging Strike
0-1: Foul Ball, location: 2F
0-2: Ground out 5-3 (Groundball, 6, EV 81.9 MPH)
Batting: RHB Jonathan Fraire 0-0: Ball
1-0: Fly out, F9 (Flyball, 9LM, EV 81.2 MPH)
Batting: RHB John Ham 0-0: Called Strike
0-1: Ground out 4-3 (Groundball, 4S, EV 63.8 MPH)
Top of the 10th over - 0 runs, 0 hits, 0 errors, 0 left on base; Montreal 6 - Boston 6
BOTTOM OF THE 10TH
Boston Red Sox batting - Pitching for Montreal Expos : LHP Kyle Schlosschlonghair
Pitching: RHP Jakub Kvacek
Batting: RHB Alois Wollf 0-0: Foul Ball, location: 2F
0-1: Ball
1-1: Foul Ball, location: 2F
1-2: Ground out 6-3 (Groundball, 6, EV 91.2 MPH)
Batting: LHB Kevin McCormic Jr. 0-0: Ball
1-0: Ball
2-0: Called Strike
2-1: Ball
3-1: Base on Balls
Batting: RHB David Price Jr. 0-0: Grounds into double play, 6-4-3 (Groundball, 6M, EV 80.6 MPH)
Bottom of the 10th over - 0 runs, 0 hits, 0 errors, 0 left on base; Montreal 6 - Boston 6
TOP OF THE 11TH
Montreal Expos batting - Pitching for Boston Red Sox : RHP Guadalupe Vasguez
Pitching: RHP John Jordan
Batting: RHB Tommy Mize 0-0: Ball
1-0: Ball
2-0: Called Strike
2-1: Swinging Strike
2-2: Ground out U3 (Groundball, 34S, EV 79.4 MPH)
Batting: LHB Bill McGregor 0-0: Swinging Strike
0-1: Foul Ball, location: 2F
0-2: Strikes out swinging
Batting: RHB Steve French 0-0: Called Strike
0-1: Ball
1-1: Ball
2-1: Ball
3-1: Foul Ball, location: 2F
3-2: Base on Balls
Batting: SHB Joey Pacheco 0-0: Foul Ball, location: 2F
0-1: Called Strike
0-2: Ground out 4-3 (Groundball, 34S, EV 82.5 MPH)
Top of the 11th over - 0 runs, 0 hits, 0 errors, 1 left on base; Montreal 6 - Boston 6
BOTTOM OF THE 11TH
Boston Red Sox batting - Pitching for Montreal Expos : RHP Jakub Kvacek
Batting: LHB Jarrett Mordecai 0-0: Called Strike
0-1: Ball
1-1: Swinging Strike
1-2: Fly out, F7 (Flyball, 7S, EV 96.9 MPH)
Batting: RHB Andrew Robinson 0-0: Foul Ball, location: 2F
0-1: Ball
1-1: Ball
2-1: Called Strike
2-2: SINGLE (Line Drive, 8LS, EV 108.1 MPH)
Batting: RHB Nick Esteves 0-0: Called Strike
0-1: Ball
1-1: Ball
2-1: Called Strike
2-2: Foul Ball, location: 2F
2-2: Ball
3-2: Strikes out swinging
Batting: RHB Jose Diaz Pickoff Throw to First - Out! 1-3
Bottom of the 11th over - 0 runs, 1 hit, 0 errors, 0 left on base; Montreal 6 - Boston 6
TOP OF THE 12TH
Montreal Expos batting - Pitching for Boston Red Sox : RHP John Jordan
Batting: LHB Mark Marvin 0-0: SINGLE (Groundball, 13S, EV 66.9 MPH) (infield hit)
Batting: LHB Steve Anderson 0-0: Called Strike
0-1: Foul Ball, location: 2F
0-2: Foul Ball, location: 2F
0-2: Ball
1-2: Foul Ball, location: 2F
1-2: Foul Ball, location: 2F
1-2: Strikes out swinging
Batting: LHB Austin Ohmer 0-0: Ball
1-0: Called Strike
1-1: Ball
2-1: Ball
3-1: Base on Balls
Mark Marvin to second
Pitching: LHP John Hotham
Batting: RHB Jonathan Fraire 0-0: Called Strike
0-1: Foul Ball, location: 2F
0-2: Strikes out looking
Batting: RHB John Ham 0-0: Called Strike
0-1: Foul Ball, location: 2F
0-2: Fielders Choice at 2nd, 5-4 (Groundball, 5, EV 83.8 MPH)
Top of the 12th over - 0 runs, 1 hit, 0 errors, 2 left on base; Montreal 6 - Boston 6
BOTTOM OF THE 12TH
Boston Red Sox batting - Pitching for Montreal Expos : RHP Jakub Kvacek
Batting: RHB Jose Diaz 0-0: Swinging Strike
0-1: Ball
1-1: Swinging Strike
1-2: Foul Ball, location: 2F
1-2: Ball
2-2: Foul Ball, location: 2F
2-2: Ground out 5-3 (Groundball, 56S, EV 83.8 MPH)
Batting: RHB Elijah Campbell 0-0: Called Strike
0-1: Ball
1-1: Called Strike
1-2: Ball
2-2: Strikes out swinging
Batting: RHB Ray Llewellyn 0-0: Called Strike
0-1: Ball
1-1: Foul Ball, location: 2F
1-2: Strikes out swinging
Bottom of the 12th over - 0 runs, 0 hits, 0 errors, 0 left on base; Montreal 6 - Boston 6
TOP OF THE 13TH
Montreal Expos batting - Pitching for Boston Red Sox : LHP John Hotham
Batting: RHB Tommy Mize 0-0: Ball
1-0: Ball
2-0: SINGLE (Groundball, 6MD, EV 98.8 MPH)
Batting: LHB Bill McGregor 0-0: Sac Bunt to 13S - play at second, runner OUT! 1-6
Batting: RHB Steve French 0-0: Called Strike
0-1: Called Strike
0-2: Ball
1-2: Strikes out swinging
Batting: SHB Joey Pacheco 0-0: Called Strike
0-1: Ball
1-1: SINGLE (Line Drive, 9LS, EV 93.1 MPH)
Bill McGregor to second
Runner from 2nd tries for 3rd, SAFE, throw by RF made to third
Pinch Hitting: RHB Tommie Eaton 0-0: Ball
1-0: Ball
2-0: Ball
3-0: Called Strike
3-1: SINGLE (Flyball, 89M, EV 96.9 MPH)
Bill McGregor scores
Joey Pacheco to second
Runner from 2nd tries for 3rd, SAFE, throw by CF made to third
Pinch Hitting: RHB Danny Diaz 0-0: Swinging Strike
0-1: TRIPLE (Line Drive, 9LD, EV 110.6 MPH)
Joey Pacheco scores
Tommie Eaton scores
Pitching: RHP Frank Picaso
Batting: LHB Austin Ohmer 0-0: Ball
1-0: Ball
2-0: SINGLE (Groundball, 56D, EV 101.9 MPH)
Danny Diaz scores
Batting: RHB Jonathan Fraire 0-0: Swinging Strike
0-1: Called Strike
0-2: Strikes out swinging
Top of the 13th over - 4 runs, 5 hits, 0 errors, 1 left on base; Montreal 10 - Boston 6
BOTTOM OF THE 13TH
Boston Red Sox batting - Pitching for Montreal Expos : RHP Jakub Kvacek
Pitching: RHP Nelson Dawson
Now at 1B: Alex Diaz
Now at 2B: Danny Diaz
Now at 3B: Tommie Eaton
Now in LF: Bill McGregor
Now in CF: Jonathan Fraire
Now in RF: Austin Ohmer
Batting: RHB Alois Wollf 0-0: Foul Ball, location: 2F
0-1: Called Strike
0-2: Strikes out swinging
Batting: LHB Kevin McCormic Jr. 0-0: Ball
1-0: Foul Ball, location: 2F
1-1: Ball
2-1: Called Strike
2-2: Foul Ball, location: 2F
2-2: Fly out, F8 (Flyball, 8RD, EV 76.2 MPH)
Batting: RHB David Price Jr. 0-0: Ball
1-0: DOUBLE (Flyball, 8RXD, EV 108.1 MPH)
Batting: LHB Jarrett Mordecai 0-0: Called Strike
0-1: Ball
1-1: Ground out 4-3 (Groundball, 4, EV 83.8 MPH)
Bottom of the 13th over - 0 runs, 1 hit, 0 errors, 1 left on base; Montreal 10 - Boston 6
Sunday, July 16th , 2023 - OOTP Baseball 24.6 Build 69